 Dungeon Crawl Stone Soup version 0.29-a0-8-g0446c0dae4 (webtiles) character file.

Game seed: 12655387598672290517

78808 funkygono the Thaumaturge (level 15, -3/80 HPs)
             Began as a Gargoyle Fire Elementalist on Jan 27, 2022.
             Was the Champion of Vehumet.
             Slain by an orc knight (21 damage)
             ... on level 2 of the Orcish Mines.
             The game lasted 01:15:37 (27718 turns).

funkygono the Thaumaturge (GrFE)                   Turns: 27718, Time: 01:15:38

Health: -3/80      AC: 28    Str: 15    XL:     15   Next: 61%
Magic:  21/42      EV: 13    Int: 23    God:    Vehumet [******]
Gold:   1582       SH:  0    Dex: 10    Spells: 12/43 levels left

rFire   . . .      SeeInvis .   v - +9 falchion of Megalomania {flame, Str+3}
rCold   . . .      Faith    .   (no shield)
rNeg    + . .      Spirit   .   H - +1 robe {Archmagi}
rPois   ∞          Reflect  .   l - +2 helmet
rElec   +          Harm     .   r - +1 cloak
rCorr   .          Rampage  .   b - +1 pair of gloves
Will    +....      Archmagi +   g - +2 pair of boots
Stlth   ++........              F - amulet of regeneration
HPRegen 1.03/turn               w - +4 ring of protection
MPRegen 0.28/turn               p - ring of magical power

@: flying, studying Axes
A: sickness immunity, AC +11, big wings, negative energy resistance 1,
electricity resistance, torment resistance 1, petrification resistance
a: Renounce Religion


You were on level 2 of the Orcish Mines.
You worshipped Vehumet.
Vehumet was exalted by your worship.
You visited 4 branches of the dungeon, and saw 23 of its levels.
You visited the Abyss 1 time.

You collected 1582 gold pieces.

Inventory:

Hand Weapons
 f - a +3 scimitar of protection
 s - a +5 scimitar of venom
 v - the +9 falchion of Megalomania (weapon) {flame, Str+3}
   (You found it on level 4 of the Dungeon)

   It burns those it strikes, dealing additional fire damage.
   Big, fiery blades are also staple armaments of hydra-hunters.
   Str:       It affects your strength (+3).
Armour
 b - a +1 pair of gloves (worn)
 d - a +2 robe of positive energy
 g - a +2 pair of boots (worn)
 h - a +2 robe of willpower
 l - a +2 helmet (worn)
 r - a +1 cloak (worn)
 y - +0 steam dragon scales
 H - a +1 robe of the Archmagi (worn)
Magical Staves
 E - a staff of conjuration
Jewellery
 a - a +4 ring of evasion
 p - a ring of magical power (right hand)
 q - a +6 ring of dexterity
 w - a +4 ring of protection (left hand)
 B - a ring of see invisible
 F - an amulet of regeneration (around neck)
 R - a ring of willpower
 S - a +6 ring of strength
Wands
 j - a wand of mindburst (16)
 m - a wand of acid (5)
 A - a wand of digging (5)
 C - a wand of iceblast (8)
 M - a wand of flame (11)
Scrolls
 o - 4 scrolls of teleportation
 x - 6 scrolls of fog
 G - 5 scrolls of amnesia
 K - 5 scrolls of identify
 N - 2 scrolls of fear
 P - a scroll of holy word
 T - a scroll of summoning
Potions
 c - 2 potions of brilliance
 e - a potion of mutation
 n - 6 potions of curing
 u - 2 potions of invisibility
 z - 3 potions of might
 D - a potion of haste
 O - a potion of magic
 W - a potion of heal wounds


   Skills:
 + Level 4.4 Fighting
 + Level 5.5 Long Blades
 + Level 5.4 Dodging
 - Level 2.1 Stealth
 + Level 14.8 Spellcasting
 + Level 13.3 Conjurations
 + Level 14.2 Fire Magic
 + Level 4.5 Air Magic
 + Level 7.4 Earth Magic
 + Level 0.5 Poison Magic
 + Level 0.3 Evocations


You had 12 spell levels left.
You knew the following spells:

 Your Spells              Type           Power      Damage    Failure   Level
a - Foxfire               Conj/Fire      100%       2x1d9     0%          1
b - Scorch                Fire           100%       2d10      0%          2
c - Conjure Flame         Conj/Fire      88%        6-21      1%          3
d - Flame Wave            Conj/Fire      88%        2d15      1%          4
e - Sticky Flame          Conj/Fire      88%        2d10      1%          4
f - Sandblast             Erth           100%       2d20      1%          1
g - Stone Arrow           Conj/Erth      100%       3d13      1%          3
h - Airstrike             Air            27%        N/A       1%          4
i - Mephitic Cloud        Conj/Pois/Air  61%        N/A       1%          3
j - Starburst             Conj/Fire      44%        6d12      1%          6

Your spell library contained the following spells:

 Spells                   Type           Power      Damage    Failure   Level
 Hailstorm                Conj/Ice       64%        3d14      1%          4
 Static Discharge         Conj/Air       72%        N/A       1%          2
 Dazzling Flash           Conj/Hex       100%       N/A       1%          3
 Inner Flame              Hex/Fire       66%        N/A       1%          3
 Fulminant Prism          Conj/Hex       32%        3d16      1%          4
 Iskenderun's Mystic Bla  Conj/Tloc      64%        2d13      1%          4
 Irradiate                Conj/Tmut      32%        3d24      1%          5
 Pain                     Necr           100%       1d9       3%          1
 Blink                    Tloc           50%        N/A       5%          2
 Petrify                  Tmut/Erth      51%        N/A       8%          4
 Lesser Beckoning         Tloc           25%        N/A       11%         3
 Anguish                  Hex/Necr       12%        N/A       34%         4
 Animate Dead             Necr           12%        N/A       34%         4
 Dispel Undead            Necr           25%        3d12      34%         4
 Silence                  Hex/Air        20%        N/A       36%         5
 Agony                    Necr           25%        N/A       67%         5
 Excruciating Wounds      Necr           12%        N/A       67%         5
 Manifold Assault         Tloc           25%        N/A       67%         5
 Metabolic Englaciation   Hex/Ice        12%        N/A       67%         5
 Simulacrum               Ice/Necr       12%        N/A       99%         6
 Chain Lightning          Conj/Air       36%        3d48      100%        9
 Sublimation of Blood     Necr           Unusable   N/A       N/A         2
 Statue Form              Tmut/Erth      Unusable   N/A       N/A         6

Dungeon Overview and Level Annotations

Branches:
Dungeon (14/15)            Temple (1/1) D:7            Lair (6/6) D:8
  Swamp (0/4) Lair:2       Spider (0/4) Lair:4        Slime (0/5) Lair:6
    Orc (2/2) D:12            Elf (0/3) Orc:2        Vaults (0/5) D:14

Altars:
Ashenzari
Cheibriados
Dithmenos
Elyvilon
Fedhas
Gozag
Hepliaklqana
Kikubaaqudgha
Makhleb
Nemelex Xobeh
Okawaru
Qazlal
Ru
Sif Muna
Trog
Uskayaw
Vehumet
Wu Jian
Xom
Yredelemnul
Zin
The Shining One
Jiyva
Lugonu

Portals:
Abyss: Lair:6

Annotations:
D:9 exclusion: obsidian statue
Orc:2 2 transporters, Ukhlenur's ghost, journeyman OpNe


Innate Abilities, Weirdness & Mutations

You are immune to sickness and miasma.
Your stone body is resilient. (AC +11)
You are immune to poison.
Your large and strong wings let you fly.
You resist negative energy. (rN+)
You are resistant to electric shocks. (rElec)
You are resistant to unholy torment.
You are immune to petrification.


Message History

* * * LOW HITPOINT WARNING * * *
Casting: Stone Arrow (safe; 1% risk of failure)
Confirm with . or Enter, or press ? or * to list all spells.
Aiming: Stone Arrow (safe; 1% risk of failure)
Press: ? - help, Shift-Dir - straight line, f/p - orc knight
Aim: an orc knight, wielding a +3 glaive and wearing a +0 chain mail (lightly wounded, 75% to hit)
You feel a surge of power!
The stone arrow misses the orc knight.
The orc knight completely misses you.
Unknown command.
Casting: Stone Arrow (safe; 1% risk of failure)
Confirm with . or Enter, or press ? or * to list all spells.
Aiming: Stone Arrow (safe; 1% risk of failure)
Press: ? - help, Shift-Dir - straight line, f/p - orc knight
Aim: an orc knight, wielding a +3 glaive and wearing a +0 chain mail (lightly wounded, 75% to hit)
You feel a surge of power!
The stone arrow hits the orc knight!
The orc knight is lightly wounded.
The orc knight hits you but does no damage.
Casting: Stone Arrow (safe; 1% risk of failure)
Confirm with . or Enter, or press ? or * to list all spells.
Aiming: Stone Arrow (safe; 1% risk of failure)
Press: ? - help, Shift-Dir - straight line, f/p - orc knight
Aim: an orc knight, wielding a +3 glaive and wearing a +0 chain mail (lightly wounded, 75% to hit)
You feel a surge of power!
The stone arrow hits the orc knight.
The orc knight is moderately wounded.
The orc knight hits you from afar with a +3 glaive.
* * * LOW HITPOINT WARNING * * *
The orc knight hits you with a +3 glaive!
* * * LOW HITPOINT WARNING * * *
Casting: Stone Arrow (safe; 1% risk of failure)
Confirm with . or Enter, or press ? or * to list all spells.
Aiming: Sticky Flame (safe; 1% risk of failure)
Press: ? - help, Shift-Dir - straight line, f/p - orc knight
Aim: an orc knight, wielding a +3 glaive and wearing a +0 chain mail (lightly wounded, 100% to hit)
You feel a surge of power!
The sticky flame hits the orc knight but does no damage.
The orc knight is lightly wounded.
The orc knight is covered in liquid flames!
The orc knight burns!
The orc knight hits you with a +3 glaive!!
You die...

...... ...#..## ..
......## ..... ...# #....#
......##..# #....##
.......... #....#
..........#####..##
..........##.##...##
...............#@..#
................o..#
......#......#..#.##
........))#.##...#.##
.........######.#...#####
..........# ##.)..)##.#.##
.........####...)))......#
.........#.###..........##
....#.......###).)....#.##


You could see an orc knight (burning).

Vanquished Creatures
  Gastronok (Lair:1)
  Nessos (D:14)
  A bunyip (shapeshifter) (Lair:6)
  Josephine (Lair:6)
  Erolcha (D:11)
  Fannar (D:12)
  12 hydras
  A catoblepas (D:14)
  A boulder beetle (Lair:6)
  A centaur warrior (D:14)
  2 death knights
  3 two-headed ogres
  5 death yaks (Lair:6)
  3 thrashing horrors (Lair:6)
  Urug (Lair:1)
  3 orc high priests (Orc:2)
  A tengu warrior (D:10)
  A skeletal warrior (D:10)
  A lindwurm (Lair:6)
  Pikel (D:5)
  5 orc knights
  A necromancer (D:10)
  5 orc sorcerers
  5 ugly things
  A cyclops (D:12)
  3 manticores
  A guardian serpent (shapeshifter) (Lair:6)
  9 elephants
  3 black mambas
  Joseph (D:8)
  A torpor snail (Lair:6)
  A gargoyle (D:12)
  Maurice (D:10)
  A smoke demon (Lair:6)
  A cane toad (shapeshifter) (Lair:6)
  A kobold demonologist (D:10)
  12 cane toads
  3 rime drakes
  An efreet (D:13)
  3 freezing wraiths
  6 komodo dragons
  An ancient zyme (Lair:6)
  6 trolls
  A merfolk (shapeshifter) (Lair:6)
  A hornet (D:10)
  4 polar bears
  A tyrant leech (Lair:2)
  Grinder (D:4)
  6 slime creatures
  11 blink frogs (Lair:6)
  A meliai zombie (D:8)
  8 wyverns
  A shadow (D:12)
  4 wraiths
  Eustachio (D:4)
  6 culicivoras (Lair:4)
  Sigmund (D:3)
  2 spriggans (Lair:6)
  48 yaks
  A ynoxinul (Lair:6)
  9 basilisks
  8 humans
  Grum (Lair:1)
  A fire bat (shapeshifter) (Lair:6)
  A chaos spawn (Lair:6)
  4 wargs
  4 steam dragons
  A large abomination (Lair:6)
  Edmund (D:4)
  Duvessa (D:6)
  3 swamp worms (Lair:2)
  2 acid dragons (D:11)
  9 small abominations (Lair:6)
  15 water moccasins
  A meliai simulacrum (D:11)
  28 orc warriors
  A black bear (D:5)
  A boggart (shapeshifter) (D:14)
  4 ogres
  2 necrophages
  9 centaurs
  9 wolves
  A phantom (D:6)
  2 kobold brigands (D:6)
  Blork the orc (D:4)
  12 bullfrogs
  A gnoll sergeant (D:10)
  4 scorpions
  A wyvern zombie (D:7)
  Dowan (D:6)
  7 killer bees
  4 wights (D:9)
  2 electric eels (D:8)
  5 howler monkeys (D:10)
  2 bullfrog zombies
  7 hounds
  A centaur skeleton (D:7)
  3 centaur zombies
  A jelly (D:5)
  15 orc priests
  3 bullfrog skeletons
  6 iguanas
  24 orc wizards
  Natasha (thrice) (D:4)
  A killer bee zombie (D:5)
  A hound skeleton (D:4)
  A hound zombie (D:5)
  3 howler monkey zombies
  9 gnolls
  A howler monkey skeleton (D:6)
  9 adders
  2 shadow imps (D:5)
  A white imp (D:3)
  2 ufetubi
  An adder skeleton (D:5)
  A worm (D:2)
  5 dart slugs
  71 orcs
  11 endoplasms
  5 giant cockroaches
  7 goblins
  10 hobgoblins
  4 jackals (D:1)
  3 quokkas (D:1)
  4 ball pythons
  5 bats
  5 frilled lizards
  17 kobolds
  6 rats
  A butterfly (D:7)
619 creatures vanquished.

Vanquished Creatures (collateral kills)
  4 foxfires
4 creatures vanquished.

Vanquished Creatures (others)
  An orc knight (D:14)
  2 humans (D:14)
  1749 foxfires
  41 fungi
  38 plants
1831 creatures vanquished.

Grand Total: 2454 creatures vanquished

Notes
Turn   | Place    | Note
-------+----------+-------------------------------------------
     0 | D:1      | funkygono the Gargoyle Fire Elementalist began the quest
                  | for the Orb.
     0 | D:1      | Reached XP level 1. HP: 10/10 MP: 3/3
   234 | D:1      | Reached XP level 2. HP: 15/15 MP: 1/5
   237 | D:1      | Learned a level 2 spell: Scorch
   807 | D:1      | Reached XP level 3. HP: 19/19 MP: 3/6
  1434 | D:1      | Learned a level 3 spell: Conjure Flame
  1690 | D:2      | Reached XP level 4. HP: 24/24 MP: 4/8
  2553 | D:3      | Noticed Sigmund
  2561 | D:3      | Killed Sigmund
  2562 | D:3      | Reached XP level 5. HP: 28/28 MP: 1/10
  2562 | D:3      | Reached XP level 6. HP: 32/32 MP: 1/11
  2755 | D:3      | Found a broken altar of Ashenzari.
  2953 | D:3      | Found a glowing golden altar of the Shining One.
  3447 | D:3      | Learned a level 4 spell: Flame Wave
  3514 | D:4      | Noticed Natasha
  3518 | D:4      | Killed Natasha
  3519 | D:4      | Reached skill level 5 in Fire Magic
  3557 | D:4      | Noticed Blork the orc
  3569 | D:4      | Killed Blork the orc
  3679 | D:4      | Noticed Natasha
  3682 | D:4      | Killed Natasha
  3683 | D:4      | Reached XP level 7. HP: 36/36 MP: 9/13
  3694 | D:4      | Learned a level 4 spell: Sticky Flame
  3762 | D:4      | Noticed Grinder
  3768 | D:4      | Paralysed by Grinder for 2 turns
  4047 | D:4      | Noticed Natasha
  4083 | D:3      | Reached skill level 5 in Spellcasting
  4146 | D:4      | Killed Natasha
  4224 | D:4      | Noticed a wyvern
  4231 | D:4      | Killed a wyvern
  4232 | D:4      | Reached XP level 8. HP: 28/41 MP: 4/16
  4400 | D:4      | Killed Grinder
  4486 | D:4      | Noticed Edmund
  4496 | D:4      | Killed Edmund
  4864 | D:4      | Noticed Eustachio
  4871 | D:4      | Killed Eustachio
  4947 | D:4      | Identified the +9 falchion of Megalomania {flame, Str+3}
  5250 | D:5      | Entered Level 5 of the Dungeon
  5330 | D:5      | Reached skill level 5 in Conjurations
  5559 | D:5      | Noticed Pikel
  5573 | D:5      | Killed Pikel
  5574 | D:5      | Reached XP level 9. HP: 46/46 MP: 6/19
  5794 | D:5      | Reached skill level 1 in Long Blades
  6696 | D:6      | Noticed Duvessa
  6702 | D:6      | Noticed Dowan
  6709 | D:6      | Killed Duvessa
  6720 | D:6      | Killed Dowan
  7707 | D:6      | Reached XP level 10. HP: 51/51 MP: 16/22
  8478 | D:7      | Found a staircase to the Ecumenical Temple.
  8485 | Temple   | Entered the Ecumenical Temple
  8491 | Temple   | Became a worshipper of Vehumet
  9433 | D:8      | Found a staircase to the Lair.
  9473 | D:8      | Noticed Joseph
  9488 | D:8      | Killed Joseph
  9969 | D:8      | Reached skill level 1 in Fighting
  9969 | D:8      | Reached skill level 10 in Fire Magic
 10314 | D:9      | Reached XP level 11. HP: 39/56 MP: 24/24
 10366 | D:9      | Noticed a four-headed hydra
 10372 | D:9      | Killed a four-headed hydra
 10500 | D:9      | Noticed an obsidian statue
 11002 | D:9      | Found an ornate altar of the Wu Jian Council.
 11358 | D:10     | Entered Level 10 of the Dungeon
 11373 | D:10     | Reached skill level 10 in Spellcasting
 11503 | D:10     | Found a hide-covered altar of Uskayaw.
 11504 | D:10     | Found a burning altar of Makhleb.
 11504 | D:10     | Found a bloodstained altar of Trog.
 11572 | D:10     | Reached * piety under Vehumet
 11572 | D:10     | Offered knowledge of Magic Dart by Vehumet.
 11734 | D:10     | Got the Papyrus of Evil
 11797 | D:10     | Noticed a necromancer
 11802 | D:10     | Killed a necromancer
 11835 | D:10     | Noticed an eight-headed hydra
 11836 | D:10     | Noticed a manticore
 11837 | D:10     | Noticed a cyan ugly thing
 11837 | D:10     | Noticed a tengu warrior
 11837 | D:10     | Noticed a brown ugly thing
 11864 | D:10     | Killed a tengu warrior
 11882 | D:10     | Killed a brown ugly thing
 11904 | D:10     | Killed an eight-headed hydra
 11911 | D:10     | Killed a manticore
 12369 | D:10     | Noticed a white ugly thing
 12391 | D:10     | Killed a white ugly thing
 12401 | D:10     | Killed a brown ugly thing
 12579 | D:10     | Noticed Maurice
 12585 | D:10     | Reached XP level 12. HP: 30/61 MP: 20/27
 12592 | D:10     | Killed Maurice
 12772 | D:10     | Reached ** piety under Vehumet
 12772 | D:10     | Offered knowledge of Sandblast by Vehumet.
 12777 | D:10     | Reached skill level 10 in Conjurations
 12779 | D:10     | Learned a level 1 spell: Sandblast
 13609 | D:11     | Noticed a two-headed ogre
 13616 | D:11     | Killed a two-headed ogre
 13616 | D:11     | Noticed Erolcha
 13618 | D:11     | Cast into level 1 of the Abyss (Erolcha)
 13629 | D:11     | Escaped the Abyss
 13637 | D:11     | Killed Erolcha
 13715 | D:11     | Noticed a two-headed ogre
 13964 | D:11     | You fall into a shaft and drop 3 floors!
 13985 | D:14     | Identified the +1 ring mail of Muttered Phrases {Harm
                  | Str+4}
 13985 | D:14     | Noticed a catoblepas
 13989 | D:14     | Noticed Nessos
 14021 | D:14     | Killed a catoblepas
 14035 | D:14     | Noticed a centaur warrior
 14045 | D:14     | Killed a centaur warrior
 14045 | D:14     | Offered knowledge of Stone Arrow by Vehumet.
 14050 | D:14     | Killed Nessos
 14050 | D:14     | Killed a two-headed ogre
 14069 | D:14     | Reached *** piety under Vehumet
 14180 | D:14     | Noticed a death knight
 14195 | D:14     | Killed a death knight
 14246 | D:14     | Found a gate to the Vaults.
 14309 | D:13     | Reached XP level 13. HP: 47/68 MP: 29/29
 14897 | D:11     | Learned a level 3 spell: Stone Arrow
 15024 | D:12     | Reached skill level 1 in Earth Magic
 15277 | D:12     | Noticed Fannar
 15283 | D:12     | Killed Fannar
 15729 | D:12     | Offered knowledge of Airstrike by Vehumet.
 15754 | D:12     | Found a sacrificial altar of Ru.
 15780 | D:12     | Found a staircase to the Orcish Mines.
 16283 | D:12     | Learned a level 4 spell: Airstrike
 16503 | Lair:1   | Entered Level 1 of the Lair of Beasts
 16581 | Lair:1   | Noticed Grum
 16589 | Lair:1   | Killed Grum
 16858 | Lair:1   | Noticed Urug
 16867 | Lair:1   | Killed Urug
 16962 | Lair:1   | Noticed Gastronok
 16978 | Lair:1   | Killed Gastronok
 16979 | Lair:1   | Reached skill level 1 in Air Magic
 17851 | Lair:2   | Found a staircase to the Swamp.
 17955 | Lair:2   | Reached skill level 5 in Earth Magic
 18060 | Lair:2   | Reached **** piety under Vehumet
 18486 | Lair:2   | Offered knowledge of Mephitic Cloud by Vehumet.
 18721 | Lair:2   | You fall into a shaft and drop 2 floors!
 18933 | Lair:4   | Gained mutation: Your large and strong wings let you fly.
                  | [Gargoyle growth]
 18933 | Lair:4   | Reached XP level 14. HP: 35/74 MP: 18/31
 19994 | Lair:3   | Learned a level 3 spell: Mephitic Cloud
 20747 | Lair:4   | Found a hole to the Spider Nest.
 21221 | Lair:4   | Found the necklace of Bloodlust {*Rage Will++ Int-3 Slay+6}
 21916 | Lair:5   | Reached ***** piety under Vehumet
 21975 | Lair:5   | Offered knowledge of Hailstorm by Vehumet.
 21983 | Lair:5   | Learned a level 6 spell: Starburst
 22403 | Lair:6   | Entered Level 6 of the Lair of Beasts
 22480 | Lair:6   | Reached skill level 5 in Dodging
 22617 | Lair:6   | Reached skill level 5 in Long Blades
 22913 | Lair:6   | Identified the +1 scale mail of Yesterday {*Corrode rElec
                  | rC++ SInv}
 23325 | Lair:6   | Noticed Josephine
 23332 | Lair:6   | Killed Josephine
 23562 | Lair:6   | Reached XP level 15. HP: 80/80 MP: 33/33
 24426 | Lair:6   | Found a staircase to the Slime Pits.
 24427 | Lair:6   | Found a viscous altar of Jiyva.
 24695 | Lair:6   | Found a corrupted altar of Lugonu.
 24695 | Lair:6   | Found a one-way gate to the infinite horrors of the Abyss.
 24931 | Lair:6   | Got the Guide on Confrontation
 25987 | Orc:1    | Entered Level 1 of the Orcish Mines
 26786 | Orc:2    | Entered Level 2 of the Orcish Mines
 27218 | Orc:2    | Found a transporter.
 27221 | Orc:2    | Noticed Ukhlenur's ghost (journeyman OpNe)
 27232 | Orc:2    | Found a transporter.
 27371 | Orc:2    | Found a staircase to the Elven Halls.
 27434 | Orc:2    | Reached ****** piety under Vehumet
 27718 | Orc:2    | Slain by an orc knight

Illustrated notes

Levels and vault maps discovered:
D:1:      dpeg_arrival_chambers_temple_mockup, layout_basic
D:2:      layout_basic
D:3:      layout_basic, mainiacjoe_overflow_big_doors, uniq_sigmund
D:4:      cheibrodos_barr_body, layout_layer_cave, minmay_fountain_box,
          uniq_eustachio, uniq_natasha, uniq_grinder, uniq_blork_the_orc,
          uniq_edmund
D:5:      layout_basic, uniq_pikel
D:6:      layout_cave_pods, uniq_duvessa
D:7:      layout_basic, minmay_temple_entry_butterflies, minmay_manual_moon
D:8:      minmay_spotlight, layout_basic, erik_lair_island, uniq_joseph
D:9:      layout_loops_corners, nicolae_wu_jian_wuxing_cycle, minivault_16
D:10:     minmay_the_grid_net [minmay_the_grid_minigrid_medium,
          minmay_the_grid_large_cup, minmay_the_grid_spin_star,
          minmay_the_grid_eight, minmay_the_grid_minigrid_small_alt,
          minmay_the_grid_prize_big_room], layout_stronghold,
          grunt_temple_overflow_open, uniq_maurice
D:11:     layout_roguey, uniq_erolcha
D:12:     layout_loops_corners, david_orc_3, hangedman_ru_absence, uniq_fannar
D:13:     layout_loops_ring
D:14:     layout_loops_cross, david_vaults_3, nicolae_uskayaw_suspiria,
          uniq_nessos
Temple:   eino_temple_rhombus
Lair:1:   layout_loops_ring, minivault_19, lemuel_fruit_tree, uniq_grum,
          uniq_gastronok, uniq_urug
Lair:2:   layout_cave_pods, palyth_hydra_swamp_entry, grunt_megastairs_3,
          serial_bayou_shore_b
Lair:3:   layout_regular_city
Lair:4:   statuecave_lemuel, layout_hall_layers,
          hellmonk_spider_entry_life_and_decay
Lair:5:   layout_cellular_growth, chequers_serial_rivers_micro_e
Lair:6:   hellmonk_lair_end_abyssal_woods, layout_regular_city, slime_altar_1,
          nicolae_lair_lindhole, uniq_josephine, uniq_rupert
Orc:1:    layout_caves, serial_shops, nicolae_orc_flooded_monolith
Orc:2:    grunt_orc_tribal_feast, layout_caves, gammafunk_ghost_stat_death

Skill      XL: |  1  2  3  4  5  6  7  8  9 10 11 12 13 14 15 |
---------------+----------------------------------------------+-----
Conjurations   | 3 4 5 7 8 9 10 11 12 13 | 13.3
Spellcasting   | 3 4 5 7 8 9 11 12 13 14 | 14.8
Fire Magic     | 4 5 6 8 10 11 12 13 14 | 14.2
Dodging        | 2 3 4 5 |  5.4
Long Blades    | 1 2 3 4 5 |  5.5
Fighting       | 1 3 4 |  4.4
Earth Magic    | 5 6 7 |  7.4
Air Magic      | 2 4 |  4.5
Stealth        | |  2.1
Poison Magic   | |  0.5
Evocations     | |  0.3

Action                   |  1- 3 |  4- 6 |  7- 9 | 10-12 | 13-15 || total
-------------------------+-------+-------+-------+-------+-------++-------
Melee: Unarmed           |     2 |       |       |       |       ||     2
       Falchion          |       |       |    17 |   146 |   205 ||   368
       Punch             |       |       |       |     1 |     2 ||     3
 Cast: Foxfire           |    55 |    77 |   226 |   202 |   466 ||  1026
       Scorch            |     3 |    11 |    28 |    84 |    51 ||   177
       Sticky Flame      |       |       |     2 |    29 |    62 ||    93
       Flame Wave        |       |       |     1 |    15 |    44 ||    60
       Conjure Flame     |       |       |       |     3 |       ||     3
       Stone Arrow       |       |       |       |       |   262 ||   262
       Airstrike         |       |       |       |       |    22 ||    22
       Mephitic Cloud    |       |       |       |       |     5 ||     5
       Starburst         |       |       |       |       |     4 ||     4
Evoke: Wand              |       |       |       |     4 |       ||     4
  Use: Scroll            |     2 |     3 |     4 |    11 |    14 ||    34
       Potion            |       |       |       |     3 |       ||     3
 Stab: Sleeping          |       |       |       |     1 |       ||     1
       Invisible         |       |       |       |     1 |       ||     1
       Confused          |       |       |       |       |     1 ||     1
Armor: Robe              |    10 |     4 |    25 |    78 |   206 ||   323
       Steam dragon scal |       |       |       |    86 |       ||    86
Dodge: Dodged            |    20 |     6 |    77 |   288 |   331 ||   722

Table legend: (Time is in decaauts)
 A = Elapsed time spent in this place.
 B = Non-inter-level travel time spent in this place.
 C = Inter-level travel time spent in this place.
 D = Time resting spent in this place.
 E = Time spent auto-exploring this place.
 F = Levels seen in this place.
 G = Mean time per level.
                   A        B        C        D        E       F      G
               +--------+--------+--------+--------+--------+-----+--------+
         Total |  27803 |  27067 |    736 |   3608 |  16390 |  24 | 1158.5 |
       Dungeon |  16526 |  16057 |    469 |   1843 |  10702 |  14 | 1180.4 |
        Temple |    169 |    152 |     17 |      0 |    137 |   1 |  169.0 |
          Lair |   9364 |   9116 |    248 |   1651 |   4401 |   6 | 1560.7 |
  Orcish Mines |   1731 |   1731 |      0 |    114 |   1150 |   2 |  865.5 |
         Abyss |     10 |     10 |      0 |      0 |      0 |   1 |   10.0 |
               +--------+--------+--------+--------+--------+-----+--------+

Top non-repeatable levels by time:
  Lair:6: 3318 daAuts
    D:10: 2116 daAuts
  Lair:2: 1835 daAuts
     D:4: 1603 daAuts
    D:12: 1599 daAuts
     D:3: 1577 daAuts
     D:6: 1475 daAuts
     D:1: 1469 daAuts
     D:8: 1360 daAuts
     D:5: 1352 daAuts
     D:9: 1166 daAuts
  Lair:5: 1099 daAuts
  Lair:4: 1087 daAuts
  Lair:1: 1029 daAuts
  Lair:3: 994 daAuts
